 Dungeon Crawl Stone Soup version 0.29-a0-321-gf1c400731a (webtiles) character file.

Game seed: 16048690483200281528

51809 spaghetti the Warrior (level 14, -11/131 HPs)
             Began as a Demonspawn Transmuter on Apr 5, 2022.
             Was the Champion of Kikubaaqudgha.
             Mangled by a skeletal warrior
             ... wielding a +0 scimitar
             ... led by a skeletal warrior
              (18 damage)
             ... on level 12 of the Dungeon.
             The game lasted 00:43:30 (23723 turns).

spaghetti the Warrior (Demonspawn Transmuter)      Turns: 23723, Time: 00:43:31

Health: -11/131    AC: 18    Str: 12    XL:     14   Next: 24%
Magic:  3/17       EV: 19    Int: 19    God:    Kikubaaqudgha [******]
Gold:   1175       SH:  5    Dex: 21    Spells: 2/17 levels left

rFire   + . .      SeeInvis .   K - +2 lajatang (pain) {staff}
rCold   + . .      Faith    .   (shield currently unavailable)
rNeg    + . .      Spirit   .   B - +0 steam dragon scales
rPois   .          Reflect  +   (helmet restricted)
rElec   .          Harm     .   r - scarf {rC+ rF+}
rCorr   .          Rampage  +   p - +3 pair of gauntlets of War {Slay+5}
Will    +....      Clarity  +   a - +2 pair of boots {rampage}
Stlth   ++........              x - amulet of reflection
HPRegen 0.31/turn               S - ring of positive energy
MPRegen 0.15/turn               O - +6 ring of dexterity

@: on berserk cooldown, slowed, very slow
A: horns 2, yellow scales 2, demonic guardian 1, foul stench 3, clarity, strong
1
a: Renounce Religion, Receive Corpses, Torment


You were on level 12 of the Dungeon.
You worshipped Kikubaaqudgha.
Kikubaaqudgha was exalted by your worship.
You visited 2 branches of the dungeon, and saw 18 of its levels.

You collected 1255 gold pieces.
You spent 80 gold pieces at shops.


Innate Abilities, Weirdness & Mutations

You have a pair of horns on your head.
You are mostly covered in yellow scales. (AC +3)
A weak demonic guardian rushes to your aid.
You frequently emit foul miasma when damaged in melee.
You possess an exceptional clarity of mind.
Your muscles are strong. (Str +2)


   Skills:
 - Level 18.3 Fighting
 + Level 9.1 Staves
 - Level 5.0 Throwing
 - Level 10.0 Armour
 - Level 10.2 Dodging
 - Level 3.6 Unarmed Combat
 - Level 2.0 Spellcasting
 - Level 5.0 Necromancy
 - Level 1.7 Transmutations


You had 2 spell levels left.
You knew the following spells:

 Your Spells              Type           Power      Damage    Failure   Level
a - Beastly Appendage     Tmut           16%        N/A       9%          1
b - Wereblood             Tmut           8%         N/A       12%         2
c - Corpse Rot            Necr/Air       22%        N/A       9%          2
d - Sublimation of Blood  Necr           20%        N/A       3%          2
e - Animate Dead          Necr           10%        N/A       22%         4
f - Dispel Undead         Necr           20%        3d11      22%         4

Your spell library contained the following spells:

 Spells                   Type           Power      Damage    Failure   Level
 Animate Skeleton         Necr           40%        N/A       2%          1
 Pain                     Necr           80%        1d8       2%          1
 Vampiric Draining        Necr           20%        2d7       6%          3
 Spider Form              Tmut/Pois      5%         N/A       34%         3
 Excruciating Wounds      Necr           10%        N/A       52%         5
 Ice Form                 Ice/Tmut       5%         N/A       75%         4
 Petrify                  Tmut/Erth      5%         N/A       75%         4
 Summon Lightning Spire   Summ/Air       1%         N/A       86%         4
 Borgnjor's Vile Clutch   Necr/Erth      5%         N/A       86%         5
 Irradiate                Conj/Tmut      2%         3d14      97%         5
 Death Channel            Necr           10%        N/A       97%         6
 Simulacrum               Ice/Necr       5%         N/A       100%        6
 Storm Form               Tmut/Air       2%         N/A       100%        7
 Maxwell's Capacitive Co  Air            0%         āˆž       100%        8

Inventory:

Hand Weapons
 K - a +2 lajatang of pain (weapon) {staff}
   (You found it on level 9 of the Dungeon)
 L - a +2 dagger of speed {short}
   (You found it on level 10 of the Dungeon)
 P - a +1 scimitar of flaming {long}
   (You took it off Erica on level 2 of the Lair of Beasts)
 V - a +0 falchion of electrocution {long}
   (You found it on level 3 of the Lair of Beasts)
Missiles
 d - 500 stones (quivered) {throwing}
 e - 17 poisoned darts {throwing}
 l - 4 curare-tipped darts {=fthrowing}
 q - 3 throwing nets {=f!fthrowing}
 C - 13 boomerangs {throwing}
 X - 5 silver boomerangs {throwing}
Armour
 a - a +2 pair of boots of rampaging (worn)
   (You found it on level 3 of the Lair of Beasts)
 p - the +3 pair of gauntlets of War (worn) {Slay+5}
   (You acquired it on level 5 of the Dungeon)

   Slay:      It affects your accuracy & damage with ranged weapons and melee
   (+5).
 r - a scarf of resistance (worn)
   (You found it on level 2 of the Lair of Beasts)
 t - a scarf of repulsion
   (You found it on level 11 of the Dungeon)
 B - +0 steam dragon scales (worn)
   (You found it on level 6 of the Dungeon)
 Y - +1 shadow dragon scales {rare}
   (You found it on level 9 of the Dungeon)
Jewellery
 g - a ring of poison resistance
   (You found it on level 5 of the Lair of Beasts)
 x - an amulet of reflection (around neck)
   (You found it on level 4 of the Dungeon)
 O - a +6 ring of dexterity (right hand)
   (You found it on level 1 of the Lair of Beasts)
 S - a ring of positive energy (left hand)
   (You found it on level 8 of the Dungeon)
Wands
 y - a wand of paralysis (29)
   (You found it on level 4 of the Dungeon)
 E - a wand of acid (6)
   (You found it on level 6 of the Dungeon)
 J - a wand of iceblast (16)
   (You found it on level 7 of the Dungeon)
 R - a wand of flame (38)
   (You found it on level 8 of the Dungeon)
Scrolls
 c - 10 scrolls of teleportation {@r4}
 f - 3 scrolls of holy word {!r}
 h - 3 scrolls of blinking {!r}
 i - a scroll of fear
 j - a scroll of torment {!r}
 n - a scroll of silence {!r}
 s - 3 scrolls of identify {@r1}
 u - 2 scrolls of summoning
 v - 2 scrolls of fog
 z - 2 scrolls of immolation {!r!r}
 D - a scroll of magic mapping {!r}
 U - 2 scrolls of vulnerability {!r!r}
Potions
 b - 3 potions of lignification {!q}
 m - a potion of resistance
 o - 7 potions of curing {@q1}
 w - 3 potions of flight
 A - a potion of attraction {!q}
 F - 3 potions of might
 G - a potion of cancellation
 I - a potion of magic
 M - 3 potions of haste {@q3}
 N - a potion of invisibility
 W - a potion of berserk rage {!q}
Miscellaneous
 k - a phantom mirror (inert)
   (You found it on level 6 of the Lair of Beasts)

Dungeon Overview and Level Annotations

Branches:
Dungeon (12/15)            Temple (0/1) D:4            Lair (6/6) D:8
 Shoals (0/4) Lair:3        Snake (0/4) Lair:2
  Slime: Lair:5-6       Orc: D:9-12

Altars:
Ashenzari
Cheibriados
Dithmenos
Elyvilon
Hepliaklqana
Kikubaaqudgha
Nemelex Xobeh
Okawaru
Qazlal
Ru
Sif Muna
Trog
Uskayaw
Vehumet
Yredelemnul
Zin
The Shining One
Jiyva

Shops:
D:1 !

Annotations:
D:7 3 runed translucent doors, CowFu's ghost, novice HOFi
D:8 exclusions: 8 electric eels, ice beast, killer bee, orc wizard and wight
D:10 3 runed translucent doors, exclusions: ice statue and obsidian statue, spaghetti's ghost, journeyman GnDe
Lair:6 exclusion: 3 oklob plants

...
######..
#.......
#......
#......
#.....#####
#.......zā€
#
#.....###.#
#....z#@#.#
#.....#z#.#
#.......#.#
####)#.##z#
#.#)).z#
#.###### #.
##


You could see a skeletal warrior.


Message History

You slash the skeletal warrior! You slash the skeletal warrior!
You headbutt the skeletal warrior, but do no damage.
The skeletal warrior barely misses you.
You block the skeletal warrior's attack.
You slice the skeletal warrior!!
Your headbutt misses the skeletal warrior.
You block the skeletal warrior's attack. x2
You slice the skeletal warrior!!
You destroy the skeletal warrior!
Kikubaaqudgha accepts your kill.
Your Staves skill increases to level 9! šŸ˜± HP[+1]
You slash the skeletal warrior!
The skeletal warrior closely misses you. šŸ˜± MP[+1]
You slash the skeletal warrior! You barely miss the skeletal warrior.
You slash the skeletal warrior!
Your headbutt misses the skeletal warrior.
You block the skeletal warrior's attack. šŸ˜± HP[+1]
You hit the skeletal warrior. You closely miss the skeletal warrior.
The skeletal warrior closely misses you. x2
You hit the skeletal warrior but do no damage.
You headbutt the skeletal warrior!
You are no longer berserk.
You are exhausted.
You feel yourself slow down.
The skeletal warrior hits you with a +0 scimitar!
* * * LOW HITPOINT WARNING * * *
A demonic guardian appears!
The skeletal warrior hits you with a +0 hand axe.
* * * LOW HITPOINT WARNING * * *
šŸ˜± HP[-19]
You now have 131 max hp (-65).
Unknown command.
Unknown command.
You swap places.
The skeletal warrior attacks as you move away!
The skeletal warrior hits you but does no damage.
Your iron imp closely misses the skeletal warrior.
The skeletal warrior hits your iron imp with a +0 scimitar!!
Your iron imp dies!
Your iron imp disappears in a puff of smoke!
Unknown command.
Really read
h - 4 scrolls of blinking {!r}?
Blink to where?
Press: ? - help, Dir - move target
As you read the scroll of blinking {!r}, it crumbles to dust. šŸ˜± MP[+1]
Aiming: Phantom Mirror
Press: ? - help, Dir - move target, f - skeletal warrior
Aim: a skeletal warrior, wielding a +0 hand axe (almost destroyed)
You reflect the skeletal warrior with the mirror!
The mirror clouds!
Your skeletal warrior hits the skeletal warrior with a +0 hand axe.
Your skeletal warrior hits the skeletal warrior but does no damage.
The skeletal warrior hits your skeletal warrior with a +0 hand axe! šŸ˜± HP[+1]
Okay, then.
Aiming: Corrosive Bolt
Press: ? - help, Shift-Dir - straight line, f - skeletal warrior, p - skeletal warrior
Aim: a skeletal warrior, wielding a +0 scimitar (71% to hit)
Out of range.
Okay, then.
Aiming: Iceblast
Press: ? - help, Shift-Dir - straight line, f/p - skeletal warrior
Aim: a skeletal warrior, wielding a +0 hand axe (almost destroyed, not watching you, ally target)
Okay, then.
Casting: Dispel Undead (dangerous; 22% risk of failure)
Confirm with . or Enter, or press ? or * to list all spells.
Okay, then.
Kikubaaqudgha delivers you corpses!
The skeletal warrior closely misses your skeletal warrior.
The skeletal warrior barely misses your skeletal warrior.
Your skeletal warrior misses the skeletal warrior.
Your skeletal warrior barely misses the skeletal warrior.
Your skeletal warrior hits the skeletal warrior but does no damage. x2
The skeletal warrior hits your skeletal warrior but does no damage.
The skeletal warrior closely misses your skeletal warrior. šŸ˜± MP[-3]
You lost 3 mp, and now have 1/17 mp.
Unknown command.
You don't have enough magic at the moment.
Your skeletal warrior hits the skeletal warrior with a +0 hand axe!
The skeletal warrior is destroyed!
Kikubaaqudgha accepts your kill.
Your skeletal warrior hits something with a +0 hand axe.
You see here a quokka corpse. šŸ˜± HP[+1] šŸ˜± HP[+1] MP[+1] šŸ˜± HP[+1] šŸ˜± HP[+1] MP[+1]
There is a stone staircase leading up here. šŸ˜± HP[+1]
The skeletal warrior hits you with a +0 scimitar!!
You die...
Kikubaaqudgha rasps: "You have failed me!
Welcome... death!"

Skill      XL: |  1  2  3  4  5  6  7  8  9 10 11 12 13 14 |
---------------+-------------------------------------------+-----
Unarmed Combat | 3 |  3.6
Fighting       | 2 3 5 6 7 11 14 15 16 18 | 18.3
Throwing       | 1 2 3 4 5 |  5.0
Necromancy     | 1 3 5 |  5.0
Dodging        | 5 8 10 | 10.2
Armour         | 3 10 | 10.0
Staves         | 7 9 |  9.1
Spellcasting   | |  2.0
Transmutations | |  1.7

Action                   |  1- 3 |  4- 6 |  7- 9 | 10-12 | 13-15 || total
-------------------------+-------+-------+-------+-------+-------++-------
Melee: Unarmed           |    32 |       |       |       |       ||    32
       Kick              |     2 |    20 |    51 |   123 |    32 ||   228
       Headbutt          |     1 |    24 |    45 |   164 |   119 ||   353
       Dagger            |    78 |   147 |   224 |   348 |       ||   797
       Punch             |     2 |     4 |     6 |    20 |     6 ||    38
       Peck              |       |    20 |    40 |   144 |       ||   204
       Great sword       |       |       |     5 |       |       ||     5
       Falchion          |       |       |       |   153 |   144 ||   297
       Scimitar          |       |       |       |    19 |    20 ||    39
       Lajatang          |       |       |       |       |   212 ||   212
Throw: Stone             |    94 |    10 |    22 |    17 |    33 ||   176
       Dart              |       |     1 |       |       |       ||     1
 Cast: Beastly Appendage |     2 |    21 |    21 |    40 |    15 ||    99
       Wereblood         |       |    13 |    19 |    38 |    19 ||    89
       Corpse Rot        |       |       |     1 |       |       ||     1
       Animate Dead      |       |       |       |       |     4 ||     4
       Dispel Undead     |       |       |       |       |     3 ||     3
Invok: Receive Corpses   |       |       |       |       |     3 ||     3
       Brand Weapon With |       |       |       |       |     1 ||     1
Evoke: Wand              |       |       |     3 |     1 |       ||     4
       Phantom mirror    |       |       |       |       |     1 ||     1
  Use: Potion            |       |     8 |     4 |     2 |     6 ||    20
       Scroll            |       |       |    10 |     8 |     8 ||    26
 Stab: Sleeping          |       |     2 |       |     1 |     1 ||     4
       Distracted        |       |     1 |       |       |     2 ||     3
       Fleeing           |       |       |       |       |     1 ||     1
Armor: Robe              |    16 |    18 |    37 |       |       ||    71
       Skin              |       |       |    19 |       |       ||    19
       Steam dragon scal |       |       |    13 |   173 |   175 ||   361
Dodge: Dodged            |    52 |    92 |   105 |   522 |   468 ||  1239
Block: Other             |       |     4 |    56 |   165 |   130 ||   355
       Reflection        |       |       |     1 |     1 |       ||     2

Levels and vault maps discovered:
D:1:      minmay_arrival_jagged, layout_loops_ring, serial_shops, shop_statue
D:2:      layout_loops_ring, hellmonk_ecumenical_altar_lost_god
D:3:      minmay_octagon_keep, layout_rooms, lemuel_doored_altar
D:4:      minmay_inner_zag, layout_basic, lemuel_tele_altar,
          minmay_temple_entry_stoned_glass, uniq_robin, uniq_natasha
D:5:      layout_basic
D:6:      layout_rooms, nicolae_overflow_crystal_walls,
          okawaru_altar_gauntlet_db, kennysheep_little_box
D:7:      layout_rooms, nicolae_sif_muna_condensation, gammafunk_ghost_split,
          kennysheep_another_room
D:8:      layout_loops_ring, general_overflow_altar,
          nicolae_tso_besieged_by_evil, nicolae_overflow_hidden_temple,
          mainiacjoe_overflow_alcove_1,
          mainiacjoe_overflow_concentric_impassable,
          chequers_temple_overflow_statue_of_worship, dpeg_oklobed_lair,
          serial_ice, serial_ice_j, serial_ice_g, serial_ice_a, serial_ice_f,
          grunt_ministairs_11
D:9:      layout_loops_ring, water_maze_lemuel
D:10:     minmay_separated_statues, layout_small_grid,
          mainiacjoe_overflow_brackets, mainiacjoe_overflow_catch_the_wave,
          gammafunk_ghost_ooze
D:11:     layout_loops_ring
D:12:     layout_basic, orc_0_dummy, portal_ice_cave_rime
Lair:1:   layout_layer_cave
Lair:2:   layout_regular_city, guppyfry_snake_entry_island, uniq_erica,
          uniq_prince_ribbit2
Lair:3:   layout_regular_city, minmay_shoals_entry_centaurs, grunt_megastairs_4,
          serial_bayou_shore_b
Lair:4:   beast_lair_carwin_large_3, layout_misc_corridors
Lair:5:   layout_regular_city, serial_bayou_pond_d, serial_bayou_lake_a
Lair:6:   hangedman_lair_tendril_chambers, layout_loops_ring,
          minmay_slime_entry_oklob_open, chequers_serial_rivers_small_b,
          wad_woods_03

Notes
Turn   | Place    | Note
-------+----------+-------------------------------------------
     0 | D:1      | spaghetti the Demonspawn Transmuter began the quest for the
                  | Orb.
     0 | D:1      | Reached XP level 1. HP: 15/15 MP: 3/3
     0 | D:1      | magus.rc [v1.9.6]
    95 | D:1      | Reached skill level 3 in Unarmed Combat
   112 | D:1      | HP: 3/15 [goblin/+0 dagger (1)]
   374 | D:1      | Gained mutation: You may rarely emit foul miasma when
                  | damaged in melee. [demonic ancestry]
   374 | D:1      | Reached XP level 2. HP: 21/21 MP: 5/5
   417 | D:1      | Found Boteuru's Distillery.
   938 | D:1      | Reached XP level 3. HP: 18/26 MP: 6/6
  1748 | D:2      | Reached skill level 2 in Fighting
  1978 | D:2      | Found a faded altar of an unknown god.
  2004 | D:2      | Prayed at the altar of an unknown god.
  2004 | D:2      | Became a worshipper of Kikubaaqudgha
  2004 | D:2      | Reached * piety under Kikubaaqudgha
  2004 | D:2      | You add the spells Animate Skeleton, Pain, Corpse Rot and
                  | Vampiric Draining to your library.
  2004 | D:2      | Received a gift from Kikubaaqudgha
  2307 | D:2      | Reached skill level 1 in Throwing
  2349 | D:2      | Learned a level 2 spell: Wereblood
  2352 | D:2      | Learned a level 2 spell: Corpse Rot
  2396 | D:2      | Gained mutation: You have a pair of small horns on your
                  | head. [demonic ancestry]
  2396 | D:2      | Reached XP level 4. HP: 18/33 MP: 7/7
  2755 | D:1      | Bought a potion of mutation for 80 gold pieces
  2755 | D:1      | Gained mutation: You expend magic power (3 MP) to
                  | strengthen your wands. [potion of mutation]
  2755 | D:1      | Gained mutation: You are clumsy. (Dex -2) [potion of
                  | mutation]
  2755 | D:1      | Gained mutation: You are partially covered in large bone
                  | plates. (SH +4) [potion of mutation]
  2756 | D:1      | Lost mutation: You expend magic power (3 MP) to strengthen
                  | your wands. [potion of mutation]
  2756 | D:1      | Lost mutation: You are partially covered in large bone
                  | plates. (SH +4) [potion of mutation]
  2756 | D:1      | Lost mutation: You are clumsy. (Dex -2) [potion of
                  | mutation]
  2756 | D:1      | Gained mutation: Your muscles are strong. (Str +2) [potion
                  | of mutation]
  2756 | D:1      | Gained mutation: You tend to lose your temper in combat.
                  | [potion of mutation]
  2756 | D:1      | Gained mutation: You have a beak for a mouth. [potion of
                  | mutation]
  2888 | D:2      | Reached ** piety under Kikubaaqudgha
  3010 | D:2      | Reached skill level 3 in Fighting
  3143 | D:3      | Reached skill level 2 in Throwing
  3143 | D:3      | Gained mutation: You have a pair of horns on your head.
                  | [demonic ancestry]
  3143 | D:3      | Reached XP level 5. HP: 21/41 MP: 4/8
  3149 | D:3      | HP: 10/41 [poisoned by an adder]
  3641 | D:3      | You pick up a book of Alchemy and begin reading...
  3641 | D:3      | You add the spells Sublimation of Blood, Petrify and
                  | Irradiate to your library.
  3650 | D:3      | Learned a level 2 spell: Sublimation of Blood
  3737 | D:3      | Found a shadowy altar of Dithmenos.
  3768 | D:3      | Reached skill level 4 in Fighting
  4157 | D:4      | HP: 10/42 [poisoned by an adder]
  4160 | D:4      | Reached skill level 3 in Throwing
  4162 | D:4      | HP: 5/43 [poisoned by an adder]
  4559 | D:4      | Noticed an ogre
  4571 | D:4      | Killed an ogre
  4572 | D:4      | Reached skill level 5 in Fighting
  4572 | D:4      | Reached XP level 6. HP: 51/51 MP: 6/9
  4885 | D:4      | Noticed Natasha
  4890 | D:4      | Reached *** piety under Kikubaaqudgha
  4890 | D:4      | You add the spells Animate Dead, Dispel Undead,
                  | Excruciating Wounds, Death Channel and Simulacrum to your
                  | library.
  4890 | D:4      | Received a gift from Kikubaaqudgha
  4893 | D:4      | Killed Natasha
  5115 | D:4      | Reached skill level 6 in Fighting
  5115 | D:4      | Reached skill level 4 in Throwing
  5115 | D:4      | Reached skill level 1 in Necromancy
  5115 | D:4      | Gained mutation: You are partially covered in yellow
                  | scales. (AC +2) [demonic ancestry]
  5115 | D:4      | Reached XP level 7. HP: 56/58 MP: 8/10
  5131 | D:4      | You pick up a book of Unlife and begin reading...
  5165 | D:4      | Found a sacrificial altar of Ru.
  5165 | D:4      | Noticed Robin
  5192 | D:4      | Killed Robin
  5355 | D:4      | Found a staircase to the Ecumenical Temple.
  5517 | D:5      | Entered Level 5 of the Dungeon
  5561 | D:5      | Reached skill level 2 in Necromancy
  5565 | D:5      | HP: 9/59 [something/puff of flame (9)]
  5570 | D:5      | HP: 8/59 [orc/+0 club (4)]
  5582 | D:5      | HP: 11/59 [black bear (3)]
  5587 | D:5      | Reached skill level 7 in Fighting
  5592 | D:5      | Reached skill level 3 in Necromancy
  5601 | D:5      | HP: 12/90 [orc wizard/+0 dagger (2)]
  6142 | D:5      | Gained mutation: You are mostly covered in yellow scales.
                  | (AC +3) [demonic ancestry]
  6142 | D:5      | Reached XP level 8. HP: 59/67 MP: 8/11
  6151 | D:5      | Reached skill level 5 in Throwing
  6154 | D:5      | Reached **** piety under Kikubaaqudgha
  6155 | D:5      | Reached skill level 8 in Fighting
  6161 | D:5      | Reached skill level 4 in Necromancy
  6282 | D:5      | Identified a scroll of acquirement
  6349 | D:5      | Acquired the +3 pair of gauntlets of War {Slay+5}
  6349 | D:5      | Found the +3 pair of gauntlets of War {Slay+5}
  6550 | D:5      | Learned a level 4 spell: Animate Dead
  6718 | D:6      | Found a stormy altar of Qazlal.
  6765 | D:6      | Reached skill level 9 in Fighting
  6767 | D:6      | Reached skill level 5 in Necromancy
  6926 | D:6      | Reached skill level 10 in Fighting
  7127 | D:6      | Found a radiant altar of Vehumet.
  7147 | D:6      | Reached skill level 11 in Fighting
  7218 | D:6      | Found an iron altar of Okawaru.
  7348 | D:6      | Gained mutation: You sometimes emit foul miasma when
                  | damaged in melee. [demonic ancestry]
  7348 | D:6      | Reached XP level 9. HP: 82/82 MP: 12/12
  7481 | D:7      | Reached skill level 2 in Dodging
  7482 | D:7      | Reached skill level 12 in Fighting
  7636 | D:7      | Found a shimmering blue altar of Sif Muna.
  7691 | D:7      | Reached skill level 3 in Dodging
  7702 | D:7      | Noticed a cyclops
  7709 | D:7      | Killed a cyclops
  7710 | D:7      | Reached skill level 13 in Fighting
  7710 | D:7      | Reached skill level 4 in Dodging
  7897 | D:7      | Noticed CowFu's ghost (novice HOFi)
  7934 | D:7      | Noticed a manticore
  7982 | D:7      | HP: 28/121 [wight/+4 halberd (6)]
  7985 | D:7      | HP: 7/117 [wight/+4 halberd (8)]
  7992 | D:7      | Reached skill level 5 in Dodging
  8317 | D:7      | Found a runed translucent gate.
  8317 | D:7      | Found a runed translucent gate.
  8317 | D:7      | Found a runed translucent gate.
  8533 | D:8      | Reached skill level 14 in Fighting
  8587 | D:8      | Gained mutation: You frequently emit foul miasma when
                  | damaged in melee. [demonic ancestry]
  8587 | D:8      | Reached XP level 10. HP: 50/94 MP: 11/13
  8939 | D:8      | Reached skill level 6 in Dodging
  8951 | D:8      | Reached ***** piety under Kikubaaqudgha
  9333 | D:8      | Found a snail-covered altar of Cheibriados.
  9380 | D:8      | Found a staircase to the Lair.
  9601 | D:8      | Found a basalt altar of Yredelemnul.
  9664 | D:8      | Found a hide-covered altar of Uskayaw.
  9687 | D:8      | Found a hazy altar of Hepliaklqana.
 10029 | D:9      | Reached skill level 7 in Dodging
 10093 | D:9      | Y - +0 shadow dragon scales {rare}
 10104 | D:9      | You finish putting on your +0 shadow dragon scales {rare}.
 10109 | D:9      | You finish taking off your +0 shadow dragon scales {rare}.
 10124 | D:9      | You finish putting on your +0 shadow dragon scales {rare}.
 10129 | D:9      | You finish taking off your +0 shadow dragon scales {rare}.
 10193 | D:9      | Reached skill level 15 in Fighting
 10857 | D:9      | Reached skill level 8 in Dodging
 11263 | D:10     | Entered Level 10 of the Dungeon
 11303 | D:10     | Found a runed translucent gate.
 11322 | D:10     | Noticed a great orb of eyes
 11404 | D:10     | Found a runed translucent gate.
 11404 | D:10     | Found a runed translucent gate.
 11408 | D:10     | Noticed spaghetti's ghost (journeyman GnDe)
 11410 | D:10     | Found a broken altar of Ashenzari.
 11441 | D:10     | Reached XP level 11. HP: 83/103 MP: 14/14
 11550 | D:10     | Found a sparkling altar of Nemelex Xobeh.
 11712 | D:10     | Found a bloodstained altar of Trog.
 11778 | D:10     | Found a viscous altar of Jiyva.
 11791 | D:10     | Noticed an obsidian statue
 11803 | D:10     | HP: 25/103 [burnt (5)]
 12171 | Lair:1   | Entered Level 1 of the Lair of Beasts
 12379 | Lair:1   | Noticed a five-headed hydra
 12389 | Lair:1   | Killed a five-headed hydra
 12907 | Lair:1   | Reached skill level 9 in Dodging
 13064 | Lair:1   | Reached skill level 16 in Fighting
 13799 | Lair:2   | Noticed Erica
 13811 | Lair:2   | Killed Erica
 14044 | Lair:2   | Found a staircase to the Snake Pit.
 14199 | Lair:2   | Noticed Prince Ribbit
 14206 | Lair:2   | Killed Prince Ribbit
 14211 | Lair:2   | Reached skill level 10 in Dodging
 14738 | Lair:3   | Reached skill level 1 in Armour
 14786 | Lair:3   | Reached skill level 2 in Armour
 14845 | Lair:3   | Reached skill level 3 in Armour
 14849 | Lair:3   | HP: 25/106 [poisoned by a cane toad]
 14854 | Lair:3   | HP: 20/106 [poisoned by a cane toad]
 15068 | Lair:3   | Reached XP level 12. HP: 68/113 MP: 11/15
 15384 | Lair:3   | your +0 shadow dragon scales {rare} glow green for a
                  | moment.
 15394 | Lair:3   | Reached skill level 4 in Armour
 15757 | Lair:3   | Learned a level 4 spell: Dispel Undead
 15852 | Lair:3   | Noticed a six-headed hydra
 15860 | Lair:3   | Killed a two-headed hydra
 15861 | Lair:3   | Reached skill level 5 in Armour
 16064 | Lair:3   | Found a staircase to the Shoals.
 16529 | Lair:4   | Reached skill level 6 in Armour
 16549 | Lair:4   | Reached skill level 7 in Armour
 16698 | Lair:4   | HP: 27/113 [elephant (4)]
 16699 | Lair:4   | HP: 13/113 [elephant (2)]
 16704 | Lair:4   | Reached skill level 8 in Armour
 16711 | Lair:4   | HP: 11/113 [elephant (2)]
 16891 | Lair:4   | HP: 27/113 [elephant (13)]
 17253 | Lair:4   | Reached skill level 9 in Armour
 17764 | Lair:4   | Reached skill level 10 in Armour
 17917 | Lair:4   | Gained mutation: A weak demonic guardian rushes to your
                  | aid. [demonic ancestry]
 17917 | Lair:4   | Reached XP level 13. HP: 114/119 MP: 16/16
 18035 | Lair:4   | Lost mutation: You tend to lose your temper in combat.
                  | [potion of mutation]
 18035 | Lair:4   | Lost mutation: You have a beak for a mouth. [potion of
                  | mutation]
 18035 | Lair:4   | Lost mutation: Your muscles are strong. (Str +2) [potion of
                  | mutation]
 18035 | Lair:4   | Gained mutation: You possess an exceptional clarity of
                  | mind. [potion of mutation]
 18035 | Lair:4   | Gained mutation: Your muscles are strong. (Str +2) [potion
                  | of mutation]
 18096 | Lair:4   | Reached skill level 17 in Fighting
 19095 | Lair:5   | You pick up a book of the Sky and begin reading...
 19095 | Lair:5   | You add the spells Summon Lightning Spire, Storm Form and
                  | Maxwell's Capacitive Coupling to your library.
 19572 | Lair:5   | Reached skill level 18 in Fighting
 19868 | Lair:6   | Entered Level 6 of the Lair of Beasts
 19928 | Lair:6   | You pick up a book of Alchemy and begin reading...
 19943 | Lair:6   | Reached ****** piety under Kikubaaqudgha
 19957 | Lair:6   | HP: 19/122 [five-headed hydra (13)]
 19960 | Lair:6   | HP: 2/122 [five-headed hydra (13)]
 19968 | Lair:6   | HP: 25/123 [five-headed hydra (4)]
 20328 | Lair:5   | Identified a +2 lajatang of pain {staff} (a +0 lajatang
                  | {staff} bloodied by Kikubaaqudgha)
 20328 | Lair:5   | Received a gift from Kikubaaqudgha
 20547 | Lair:6   | Reached skill level 1 in Staves
 20575 | Lair:6   | Reached skill level 2 in Staves
 20613 | Lair:6   | Reached skill level 3 in Staves
 20710 | Lair:6   | HP: 30/123 [wolf spider (1)]
 20710 | Lair:6   | HP: 11/123 [wolf spider (9)]
 20711 | Lair:6   | HP: 4/123 [poisoned by a redback]
 20739 | Lair:6   | HP: 15/123 [guardian serpent (7)]
 20743 | Lair:6   | Reached skill level 4 in Staves
 20744 | Lair:6   | HP: 21/123 [guardian serpent (7)]
 20826 | Lair:6   | HP: 17/123 [black mamba (14)]
 21010 | Lair:6   | Reached skill level 5 in Staves
 21356 | Lair:6   | Reached skill level 6 in Staves
 21727 | Lair:6   | Reached skill level 7 in Staves
 21844 | Lair:6   | Reached XP level 14. HP: 117/131 MP: 17/17
 21935 | Lair:6   | Paralysed by a hornet for 3 turns
 23111 | D:11     | Reached skill level 8 in Staves
 23686 | D:12     | HP: 30/131 [skeletal warrior/+0 short sword[a skeletal
                  | warrior] (7)]
 23695 | D:12     | HP: 17/196 [skeletal warrior/+0 mace (19)]
 23703 | D:12     | Reached skill level 9 in Staves
 23709 | D:12     | HP: 5/131 [skeletal warrior/+0 scimitar[a skeletal warrior]
                  | (9)]
 23709 | D:12     | HP: 1/131 [skeletal warrior/+0 hand axe[a skeletal warrior]
                  | (4)]
 23723 | D:12     | Mangled by a skeletal warrior

Vanquished Creatures
  4 hydras
  Erica (Lair:2)
  A catoblepas (Lair:5)
  A two-headed ogre (D:12)
  2 tengu warriors (D:11)
  3 skeletal warriors (D:12)
  A wolf spider (Lair:6)
  2 cyclopes
  10 black mambas
  A guardian serpent (Lair:6)
  28 elephants
  A torpor snail (Lair:5)
  16 cane toads
  2 rime drakes
  An unseen horror (D:10)
  9 komodo dragons
  A polar bear (Lair:4)
  3 trolls
  Prince Ribbit (Lair:2)
  2 hornets (Lair:6)
  10 blink frogs
  4 dream sheep
  A shadow (D:9)
  13 wyverns
  A spriggan (Lair:6)
  4 basilisks
  31 yaks
  2 steam dragons
  4 redbacks (Lair:6)
  4 vampire mosquitoes (D:11)
  23 water moccasins
  2 black bears
  3 ice beasts
  A sky beast (D:5)
  An orc warrior (D:5)
  10 wolves
  5 ogres
  5 centaurs
  2 phantoms
  A kobold brigand (D:11)
  12 bullfrogs
  A gnoll sergeant (D:9)
  2 scorpions
  26 wights
  A hornet simulacrum (D:8)
  7 killer bees
  7 howler monkeys
  A crimson imp (D:8)
  2 jellies
  2 wyvern simulacra (D:8)
  4 hounds
  4 orc priests
  2 iguanas (D:5)
  Natasha (D:4)
  11 orc wizards
  A centaur simulacrum (D:8)
  Robin (D:4)
  7 gnolls
  13 adders
  2 shadow imps
  3 white imps
  3 worms
  4 dart slugs
  26 orcs
  8 bats
  14 endoplasms
  5 giant cockroaches
  21 goblins
  16 hobgoblins
  3 quokkas
  7 ball pythons
  2 frilled lizards (D:3)
  A goblin zombie (D:8)
  2 hobgoblin zombies (D:8)
  10 kobolds
  3 kobold skeletons (D:8)
  2 kobold zombies (D:8)
  An orc skeleton (D:8)
  8 rats
463 creatures vanquished.

Vanquished Creatures (collateral kills)
  A skeletal warrior (D:12)
  A wolf spider (Lair:6)
  A black mamba (Lair:6)
  A komodo dragon (Lair:5)
  A yak (Lair:6)
5 creatures vanquished.

Vanquished Creatures (others)
  An orc wizard (D:4)
  A bush (Lair:6)
  69 fungi
  122 plants
193 creatures vanquished.

Grand Total: 661 creatures vanquished

Table legend:
 A = Non-vault XP
 B = Vault XP
 C = Vault XP percentage of total XP
 D = Non-vault monster count
 E = Vault monster count
 F = Vault count percentage of total count
                 A         B        C        D         E       F
            +---------+---------+-------+---------+---------+-------
      Total |   53213 |   20800 |  28.1 |     353 |     115 |  24.6
            +---------+---------+-------+---------+---------+-------
        D:1 |      63 |       0 |   0.0 |      25 |       0 |   0.0
        D:2 |     115 |       0 |   0.0 |      30 |       0 |   0.0
        D:3 |     147 |      32 |  17.9 |      24 |      10 |  29.4
        D:4 |     363 |     196 |  35.1 |      17 |      17 |  50.0
        D:5 |     854 |       0 |   0.0 |      19 |       0 |   0.0
        D:6 |    1068 |      25 |   2.3 |      19 |       6 |  24.0
        D:7 |    2018 |       0 |   0.0 |      19 |       0 |   0.0
        D:8 |     896 |    2183 |  70.9 |      20 |      26 |  56.5
        D:9 |    2601 |       0 |   0.0 |      30 |       0 |   0.0
       D:10 |    1145 |       0 |   0.0 |       6 |       0 |   0.0
       D:11 |    3395 |       0 |   0.0 |      15 |       0 |   0.0
       D:12 |    3866 |       0 |   0.0 |       5 |       0 |   0.0
     Lair:1 |    3616 |       0 |   0.0 |      12 |       0 |   0.0
     Lair:2 |    2876 |    1655 |  36.5 |      13 |       4 |  23.5
     Lair:3 |    5070 |     426 |   7.8 |      20 |       4 |  16.7
     Lair:4 |   10229 |    5349 |  34.3 |      27 |      11 |  28.9
     Lair:5 |    6106 |       0 |   0.0 |      21 |       0 |   0.0
     Lair:6 |    8785 |   10934 |  55.4 |      31 |      37 |  54.4
            +---------+---------+-------+---------+---------+-------

Illustrated notes

Table legend:
 A = Kills in this place as a percentage of kills in entire the game.
 B = Kills by you in this place as a percentage of kills by you in the entire game.
 C = Kills by friends in this place as a percentage of kills by friends in the entire game.
 D = Other kills in this place as a percentage of other kills in the entire game.
 E = Experience gained in this place as a percentage of experience gained in the entire game.
 F = Experience gained in this place divided by the number of levels of this place that you have seen.
                   A       B       C       D       E      F
               +-------+-------+-------+-------+-------+----------------------
         Total | 100.0 | 100.0 | 100.0 |   N/A | 100.0 | 4111.8
       Dungeon |  61.5 |  62.0 |  20.0 |   N/A |  25.6 | 1580.6
          Lair |  38.5 |  38.0 |  80.0 |   N/A |  74.4 | 9174.3
               +-------+-------+-------+-------+-------+----------------------

Table legend: (Time is in decaauts)
 A = Elapsed time spent in this place.
 B = Non-inter-level travel time spent in this place.
 C = Inter-level travel time spent in this place.
 D = Time resting spent in this place.
 E = Time spent auto-exploring this place.
 F = Levels seen in this place.
 G = Mean time per level.
                   A        B        C        D        E       F      G
               +--------+--------+--------+--------+--------+-----+--------+
         Total |  23943 |  23226 |    717 |   6141 |  13796 |  18 | 1330.2 |
       Dungeon |  13365 |  12955 |    410 |   3125 |   7851 |  12 | 1113.8 |
          Lair |  10577 |  10270 |    307 |   3015 |   5945 |   6 | 1762.8 |
               +--------+--------+--------+--------+--------+-----+--------+

Top non-repeatable levels by time:
  Lair:4: 2150 daAuts
  Lair:6: 2126 daAuts
  Lair:5: 1948 daAuts
  Lair:3: 1762 daAuts
     D:1: 1752 daAuts
     D:2: 1667 daAuts
  Lair:1: 1630 daAuts
     D:9: 1617 daAuts
     D:8: 1504 daAuts
     D:4: 1387 daAuts
     D:5: 1096 daAuts
     D:7: 1053 daAuts
  Lair:2: 958 daAuts
     D:6: 884 daAuts
    D:11: 804 daAuts
